[Event "Titled Tuesday Blitz April 11 Late 2023"]
[White "Rian, Kapriaga"]
[Black "Dauner, Benedikt"]
[WhiteFideId "7103263"]
[BlackFideId "16225899"]
[WhiteElo "2089"]
[BlackElo "2205"]
[Result "0-1"]
[Round "03"]
[TimeControl "180+2"]
[Date "2023.04.11"]
[WhiteClock "0:00:01"]
[BlackClock "0:00:20"]

1. d4 Nf6 2. Nf3 g6 3. Bg5 Bg7 4. Nbd2 d6 5. e4 O-O 6. c3 Nc6 7. Be2 h6 8. Bh4 e5 9. dxe5 Nxe5 10. Nxe5 dxe5 11. O-O g5 12. Bg3 Qe7 13. Qc2 b6 14. a4 a5 15. f3 Nh5 16. Bf2 Nf4 17. Nc4 Ba6 18. Rfd1 Qe6 19. b3 Nxe2+ 20. Qxe2 Rfd8 21. g4 Bf8 22. Kg2 f6 23. h4 Be7 24. hxg5 hxg5 25. Rxd8+ Rxd8 26. Rd1 Rxd1 27. Qxd1 Bxc4 28. bxc4 Qxc4 29. Qd7 Kf7 30. Be1 c6 31. Qc7 b5 32. axb5 Qxb5 33. Qd7 Qc4 0-1


[Site "https://www.chess.com"]

[Event "Titled Tuesday Blitz April 11 Late 2023"]
[White "Santos Flores, Alberto"]
[Black "De Souza, Cristiano Gomes"]
[WhiteFideId "3601234"]
[BlackFideId "2151758"]
[WhiteElo "2235"]
[BlackElo "2068"]
[Result "1-0"]
[Round "03"]
[TimeControl "180+2"]
[Date "2023.04.11"]
[WhiteClock "0:01:55"]
[BlackClock "0:01:26"]

1. d4 Nf6 2. Bf4 g6 3. Nd2 Bg7 4. e4 d6 5. Ngf3 h6 6. Bd3 c6 7. Qe2 g5 8. Bg3 Nh5 9. O-O-O Qa5 10. Kb1 Be6 11. Nb3 Bxb3 12. axb3 Nxg3 13. hxg3 Nd7 14. c3 Qc7 15. g4 a5 16. Nd2 a4 17. b4 c5 18. bxc5 dxc5 19. e5 e6 20. Ne4 O-O-O 21. Nd6+ Kb8 22. Nxf7 Nb6 23. Nxh8 Rxh8 24. Bb5 a3 25. bxa3 Nd5 26. Rc1 Qa5 27. Kb2 Rc8 28. Bd7 Nf4 29. Qb5 Qxb5+ 30. Bxb5 c4 31. Rc2 Nxg2 32. Bd7 Rf8 33. Bxe6 Nf4 34. Bxc4 1-0


[Site "https://www.chess.com"]

[Event "Titled Tuesday Blitz April 11 Late 2023"]
[White "Papayan, Oleg"]
[Black "Qashashvili, Alexandre"]
[WhiteFideId "4193911"]
[BlackFideId "13600842"]
[WhiteElo "2153"]
[BlackElo "2405"]
[Result "1-0"]
[Round "03"]
[TimeControl "180+2"]
[Date "2023.04.11"]
[WhiteClock "0:00:13"]
[BlackClock "0:00:08"]

1. e4 c6 2. Nc3 d5 3. Nf3 dxe4 4. Nxe4 Nd7 5. Qe2 Ndf6 6. d4 Nxe4 7. Qxe4 Nf6 8. Qe3 Bf5 9. c3 e6 10. Bc4 Bd6 11. O-O h6 12. Ne5 O-O 13. Qg3 Kh8 14. Be3 Qc7 15. Qh4 Ng8 16. f4 Qe7 17. Qf2 Rac8 18. g4 Be4 19. Rae1 Bh7 20. f5 exf5 21. gxf5 Bxe5 22. dxe5 Qxe5 23. Bc5 Qf6 24. Bxf8 Rxf8 25. Qxa7 Bxf5 26. Qf2 Qg6+ 27. Qg3 Qh7 28. Qd6 Ra8 29. Bxf7 Nf6 30. Qe5 Bg6 31. Bb3 Nd5 32. Bxd5 cxd5 33. Qxd5 Rb8 34. Qd6 Ra8 35. Rf8+ Rxf8 36. Qxf8+ Qg8 37. Qxg8+ Kxg8 38. Re7 b5 39. Re5 Bd3 40. Kf2 Kf7 41. Ke3 1-0


[Site "https://www.chess.com"]

[Event "Titled Tuesday Blitz April 11 Late 2023"]
[White "Sarkar, Justin"]
[Black "Wu, Brandon"]
[WhiteFideId "2010011"]
[BlackFideId "30909228"]
[WhiteElo "2189"]
[BlackElo "2123"]
[Result "1-0"]
[Round "03"]
[TimeControl "180+2"]
[Date "2023.04.11"]
[WhiteClock "0:00:06"]
[BlackClock "0:00:42"]

1. d4 Nf6 2. c4 g6 3. Nc3 d5 4. Nf3 Bg7 5. cxd5 Nxd5 6. Qa4+ c6 7. e4 Nb6 8. Qb3 O-O 9. Bf4 Be6 10. Qc2 Na6 11. Bxa6 bxa6 12. O-O Bg4 13. Ne5 Bxe5 14. dxe5 Qd4 15. Kh1 Nc4 16. f3 Be6 17. Rad1 Qc5 18. Na4 Qa5 19. b3 Nxe5 20. Nc5 Nc4 21. Nxe6 fxe6 22. Qxc4 Rxf4 23. Qxe6+ Rf7 24. Qxc6 Qxa2 25. Qxa8+ Kg7 26. Qd5 h6 27. Qe6 Qe2 28. Rfe1 Qf2 29. Qe5+ Kh7 30. Qd4 Qc2 31. Rc1 Qxb3 32. Qd5 Qxd5 33. exd5 a5 34. Ra1 h5 35. Rxa5 Kh6 36. Rxa7 Rf5 37. Raxe7 h4 38. R7e5 Rf6 39. Re6 Rf4 40. d6 Rd4 41. R6e4 Rxd6 42. Rxh4+ Kg5 43. Rg4+ Kf5 44. h4 Rd2 45. Kh2 Kf6 46. Kg3 Ra2 47. Ree4 Ra1 48. Rb4 Ra6 49. Rb5 Kf7 50. Rbg5 Rb6 51. Rxg6 Rb1 52. Rg7+ Kf6 53. h5 Rh1 54. R4g6+ 1-0


[Site "https://www.chess.com"]

[Event "Titled Tuesday Blitz April 11 Late 2023"]
[White "Melikhov, Evgeny V."]
[Black "Zaksaite, Salomeja"]
[WhiteFideId "4122046"]
[BlackFideId "12801496"]
[WhiteElo "2158"]
[BlackElo "2059"]
[Result "1-0"]
[Round "03"]
[TimeControl "180+2"]
[Date "2023.04.11"]
[WhiteClock "0:00:24"]
[BlackClock "0:00:04"]

1. d4 Nf6 2. c4 g6 3. Nc3 Bg7 4. e4 d6 5. f3 O-O 6. Be3 c5 7. Nge2 Nc6 8. d5 Ne5 9. Ng3 a6 10. a4 h5 11. Be2 h4 12. Nf1 e6 13. Bg5 Qb6 14. Ra3 Qa5 15. Bd2 Qd8 16. Ne3 Rb8 17. O-O Nh5 18. f4 Nd7 19. Bxh5 gxh5 20. Qxh5 Qf6 21. e5 dxe5 22. f5 Qh6 23. Qxh6 Bxh6 24. Ne4 Bxe3+ 25. Bxe3 exf5 26. Rxf5 b5 27. Bh6 Re8 28. Rh3 bxc4 29. Rg5+ Kh7 30. Rxh4 1-0


[Site "https://www.chess.com"]

[Event "Titled Tuesday Blitz April 11 Late 2023"]
[White "Tsotsonava, Elene"]
[Black "Dzida, Kamil"]
[WhiteFideId "13615939"]
[BlackFideId "21828652"]
[WhiteElo "1829"]
[BlackElo "2139"]
[Result "0-1"]
[Round "03"]
[TimeControl "180+2"]
[Date "2023.04.11"]
[WhiteClock "0:00:01"]
[BlackClock "0:00:46"]

1. e3 f6 2. d4 Kf7 3. c4 e6 4. Nc3 Ne7 5. Bd3 d5 6. Nge2 b6 7. b3 Bb7 8. O-O Nd7 9. f3 g6 10. e4 Bg7 11. Nf4 dxc4 12. Bxc4 Nf8 13. Ba3 c6 14. d5 cxd5 15. exd5 Nxd5 16. Ncxd5 exd5 17. Nxd5 b5 18. Re1 bxc4 19. Re7+ Kg8 20. Rxb7 h5 21. bxc4 Rh7 22. Qb3 f5 23. Be7 Qc8 24. Bf6 Qe6 25. Bxg7 Rxg7 26. Rxg7+ Kxg7 27. Qb7+ Nd7 28. Qxa8 Qe5 29. Qxa7 Qxa1+ 30. Kf2 Qb2+ 31. Kg3 h4+ 32. Kxh4 Qxg2 33. Qxd7+ Kh6 34. Qd6 Qf2+ 35. Kh3 Qf1+ 36. Kg3 Qg1+ 37. Kf4 Qxh2+ 38. Ke3 Qxd6 39. f4 Qa3+ 40. Kd4 Qxa2 41. c5 Qf2+ 42. Kc4 g5 43. fxg5+ Kxg5 44. c6 Qe2+ 45. Kc5 Qe8 46. c7 f4 47. Kb6 f3 48. Kb7 Qb5+ 49. Nb6 Qf5 0-1


[Site "https://www.chess.com"]

[Event "Titled Tuesday Blitz April 11 Late 2023"]
[White "Estrada Nieto, Julian"]
[Black "Antonova, Nadezhda"]
[WhiteFideId "5101018"]
[BlackFideId "14700182"]
[WhiteElo "2161"]
[BlackElo "1765"]
[Result "1-0"]
[Round "03"]
[TimeControl "180+2"]
[Date "2023.04.11"]
[WhiteClock "0:00:08"]
[BlackClock "0:00:02"]

1. e4 c6 2. d4 d5 3. e5 Bf5 4. h4 h5 5. Bd3 Bxd3 6. Qxd3 Qa5+ 7. Nc3 e6 8. Nf3 Qa6 9. Qd1 c5 10. Bg5 Nc6 11. dxc5 Bxc5 12. Ne2 Qb6 13. O-O Nge7 14. c3 Nf5 15. b4 Be7 16. Bxe7 Ncxe7 17. Ned4 O-O 18. Ng5 g6 19. g3 Rac8 20. Rc1 Rc4 21. Qd2 Nxd4 22. cxd4 Rxd4 23. Qe3 Nf5 24. Qf3 Rxb4 25. Rc2 Qd4 26. Rfc1 Qxe5 27. Rc8 Qg7 28. Qa3 Qb2 29. Qxa7 Ne7 30. Rxf8+ Kxf8 31. Qb8+ Kg7 32. Rc7 Kf6 33. Qh8+ Kf5 34. Qh7 Qb1+ 35. Kg2 Rc4 36. Qxf7+ Ke5 37. Qxe7 Rxc7 38. Qxc7+ Kd4 39. Qf4+ Kc5 40. Nxe6+ Kc6 41. Nd4+ Kb6 42. Qe3 Qb4 43. Nc2+ 1-0


[Site "https://www.chess.com"]

[Event "Titled Tuesday Blitz April 11 Late 2023"]
[White "Quispe Santacruz, Javier"]
[Black "Torrente, Alejandro Josue"]
[WhiteFideId "3800920"]
[BlackFideId "4437969"]
[WhiteElo "1875"]
[BlackElo "2025"]
[Result "1-0"]
[Round "03"]
[TimeControl "180+2"]
[Date "2023.04.11"]
[WhiteClock "0:00:11"]
[BlackClock "0:01:18"]

1. d4 d5 2. c4 e6 3. Nc3 Nf6 4. cxd5 exd5 5. Bg5 Be7 6. Qc2 h6 7. Bh4 O-O 8. e3 Be6 9. Bd3 Nbd7 10. Nf3 c5 11. O-O Rc8 12. Bf5 cxd4 13. Nxd4 Bxf5 14. Nxf5 Bb4 15. Qb3 Qa5 16. Rac1 Bxc3 17. Ne7+ Kh8 18. Nxc8 Be5 19. Qxb7 Nc5 20. Qxa7 Qxa7 21. Nxa7 Nd3 22. Rc2 Nxb2 23. Nc6 Rc8 24. Rfc1 Rxc6 25. Rxc6 Ne4 26. R1c2 Nd3 27. a4 Nb4 28. Rc8+ Kh7 29. a5 g5 30. Bg3 Bc3 31. R2xc3 Nxc3 32. Rxc3 Kg6 33. a6 Nxa6 34. Rc6+ Kf5 35. Rxa6 f6 36. Bd6 h5 37. Be7 h4 38. Rxf6+ Ke4 39. Rg6 d4 40. exd4 Kxd4 41. Rxg5 h3 42. gxh3 Ke4 43. Rg3 Kf5 44. h4 Kf4 45. h5 Kf5 46. h6 Kf4 47. h7 Kf5 48. Bf6 Kf4 49. Bd4 Kf5 50. Be3 Ke4 51. h8=Q Kd3 52. Ba7+ Ke2 53. Qe5+ Kd1 54. Rd3+ Kc2 55. Qc3+ Kb1 56. Rd1+ Ka2 57. Ra1# 1-0


[Site "https://www.chess.com"]

[Event "Titled Tuesday Blitz April 11 Late 2023"]
[White "Fernandez, Maria Florencia"]
[Black "Vujcic, Milena"]
[WhiteFideId "116459"]
[BlackFideId "954748"]
[WhiteElo "2120"]
[BlackElo "1882"]
[Result "1-0"]
[Round "03"]
[TimeControl "180+2"]
[Date "2023.04.11"]
[WhiteClock "0:00:44"]
[BlackClock "0:00:06"]

1. d4 Nf6 2. c4 g6 3. Nc3 Bg7 4. e4 d6 5. Be2 O-O 6. Be3 e5 7. d5 a5 8. g4 Na6 9. h4 Nc5 10. f3 Nfd7 11. h5 f5 12. hxg6 hxg6 13. gxf5 gxf5 14. Qd2 f4 15. Bf2 Rf6 16. O-O-O Nb6 17. Nh3 Rh6 18. Bf1 Nxc4 19. Bxc4 Bxh3 20. Bxc5 dxc5 21. d6+ Kh8 22. Rxh3 Rxh3 23. Qg2 Qh4 24. dxc7 Rh2 25. Qg1 Bf6 26. Rd8+ Kh7 1-0


[Site "https://www.chess.com"]

[Event "Titled Tuesday Blitz April 11 Late 2023"]
[White "Ronka, Erik"]
[Black "Moreira, Ronaldo Alonso"]
[WhiteFideId "505080"]
[BlackFideId "2110547"]
[WhiteElo "2264"]
[BlackElo "2037"]
[Result "1-0"]
[Round "03"]
[TimeControl "180+2"]
[Date "2023.04.11"]
[WhiteClock "0:00:32"]
[BlackClock "0:00:01"]

1. a3 d5 2. c4 e6 3. b4 Nf6 4. e3 c5 5. b5 Be7 6. Bb2 O-O 7. Nf3 a6 8. a4 axb5 9. axb5 Rxa1 10. Bxa1 Qa5 11. Nc3 Rd8 12. Qa4 Qxa4 13. Nxa4 dxc4 14. Bxc4 Nd5 15. Ke2 Bd7 16. Rc1 Nc7 17. Rb1 Be8 18. Ne5 Nd7 19. Nd3 Nd5 20. Nc3 N7b6 21. Ba2 Nb4 22. Nc1 N6d5 23. Bc4 Nb6 24. Bb3 N6d5 25. Bxd5 exd5 26. Nd3 d4 27. Nxb4 cxb4 28. Ne4 Bxb5+ 29. Ke1 Bd3 30. Rc1 Bxe4 31. Bxd4 b3 32. Ke2 Bf5 33. d3 Rc8 34. Rb1 Be6 35. e4 h6 36. Ke3 Rc2 37. f4 Rxg2 38. f5 Bd7 39. Rxb3 Bc6 40. h3 Rg3+ 41. Kf2 Rxh3 42. Be5 Rh1 43. Ke3 Ra1 44. d4 Ra8 45. d5 Be8 46. Rxb7 Bf8 47. d6 Rd8 48. Rb6 Bd7 49. Bf4 Kh7 50. Kd4 g6 51. Ke5 g5 52. Be3 Bg7+ 53. Kd5 Bf6 54. Rb7 Kg7 55. e5 Bxe5 56. Kxe5 Bxf5 57. Kxf5 Rxd6 58. Rb8 Rf6+ 59. Kg4 Re6 60. Bd4+ Kg6 61. Rb5 1-0


[Site "https://www.chess.com"]

[Event "Titled Tuesday Blitz April 11 Late 2023"]
[White "Dahlgren, James Allen"]
[Black "Mujumdar, Sameer"]
[WhiteFideId "22256873"]
[BlackFideId "2029707"]
[WhiteElo "1824"]
[BlackElo "2104"]
[Result "1-0"]
[Round "03"]
[TimeControl "180+2"]
[Date "2023.04.11"]
[WhiteClock "0:01:42"]
[BlackClock "0:01:56"]

1. e4 c5 2. Nf3 d6 3. Nc3 Nf6 4. d4 cxd4 5. Qxd4 Bd7 6. Bc4 Nc6 7. Qd2 e6 8. O-O a6 9. a4 Qc7 10. Bb3 Be7 11. Qe2 O-O 12. Bg5 Rac8 13. Rad1 Rfe8 14. Rfe1 Ne5 15. Nxe5 dxe5 16. h3 Bc6 17. Qe3 Nh5 18. Bxe7 Qxe7 19. g3 Qd8 20. Rxd8 1-0


[Site "https://www.chess.com"]

[Event "Titled Tuesday Blitz April 11 Late 2023"]
[White "Sailer, Mike"]
[Black "Harriott, Tyrell"]
[WhiteFideId "2012901"]
[BlackFideId "2086484"]
[WhiteElo "2109"]
[BlackElo "2107"]
[Result "0-1"]
[Round "03"]
[TimeControl "180+2"]
[Date "2023.04.11"]
[WhiteClock "0:00:08"]
[BlackClock "0:00:39"]

1. d4 d6 2. Bg5 c6 3. Nf3 Qb6 4. Qc1 Bf5 5. e3 Bg4 6. Nbd2 Qa5 7. c3 Nd7 8. Bd3 h6 9. Bh4 Qh5 10. h3 Bxf3 11. Nxf3 Qa5 12. a4 Ngf6 13. b4 Qd8 14. O-O e5 15. Bf5 Be7 16. dxe5 Nxe5 17. Nxe5 dxe5 18. Rd1 Qc7 19. Bxf6 Bxf6 20. Rd7 Qb6 21. a5 Qb5 22. Qd2 e4 23. g4 O-O 24. Rd1 Qe5 25. Qd6 Qxd6 26. R1xd6 Bxc3 27. Rxb7 Rfb8 28. Rxb8+ Rxb8 29. Bxe4 Bxb4 30. Rxc6 Bxa5 31. Bf5 Bb6 32. Rc8+ Rxc8 33. Bxc8 Kf8 34. Kf1 Ke7 35. Ke2 Kd6 36. Kd3 Kc5 37. Kc3 Ba5+ 38. Kb3 Be1 39. f3 Bf2 40. e4 Kd4 41. Bb7 Ke3 42. Bd5 f6 43. Kc4 Bg3 44. Bc6 Be5 45. Kd5 Kxf3 46. Ke6 g5 47. Kf5 Kg3 48. Kg6 Kxh3 49. Bd7 a5 50. Kxh6 Kg3 51. Kg6 Kf4 52. Bf5 a4 53. Kf7 a3 54. Be6 Kxe4 55. Kg6 Kd4 56. Kf5 Kc3 57. Ke4 Kb2 58. Kd3 a2 59. Bxa2 Kxa2 60. Ke4 Kb2 0-1


[Site "https://www.chess.com"]

[Event "Titled Tuesday Blitz April 11 Late 2023"]
[White "Gonzalez Zamora, Juan Carlos"]
[Black "Almeida Junior, Alvaro Alves de"]
[WhiteFideId "3507548"]
[BlackFideId "2149974"]
[WhiteElo "2535"]
[BlackElo "2122"]
[Result "0-1"]
[Round "03"]
[TimeControl "180+2"]
[Date "2023.04.11"]
[WhiteClock "0:00:16"]
[BlackClock "0:00:06"]

1. e4 c5 2. Nf3 d6 3. d4 cxd4 4. Qxd4 a6 5. c4 Nc6 6. Qe3 Nf6 7. Nc3 g6 8. Be2 Bg7 9. O-O O-O 10. h3 Be6 11. Rb1 Rc8 12. b3 Nd7 13. Bb2 Qb6 14. Qd2 Rfd8 15. Rfe1 Nde5 16. Na4 Qc7 17. Nd4 Nxd4 18. Bxd4 Nd7 19. Bxg7 Kxg7 20. f4 Nc5 21. Nc3 Kg8 22. Kh1 Qd7 23. Qe3 f6 24. b4 Na4 25. Nxa4 Qxa4 26. f5 Bf7 27. fxg6 hxg6 28. Qh6 Qe8 29. Rbc1 Qf8 30. Qe3 Kg7 31. Rf1 Qh8 32. a3 Qh6 33. Qb6 Rd7 34. Bg4 Rc6 35. Qd4 Rdc7 36. Be2 b5 37. c5 dxc5 38. Rxc5 Rxc5 39. bxc5 Qg5 40. Qd8 Qxc5 41. Bf3 Qd6 42. Qa8 Qe5 43. Qxa6 Rc3 44. Qxb5 Qxb5 45. Re1 Qc4 46. e5 Rc1 47. exf6+ exf6 48. Rxc1 Qxc1+ 49. Kh2 Qf4+ 0-1


[Site "https://www.chess.com"]

[Event "Titled Tuesday Blitz April 11 Late 2023"]
[White "Michalski, Olaf"]
[Black "Perez Rodriguez, Jennifer"]
[WhiteFideId "1106740"]
[BlackFideId "3507831"]
[WhiteElo "2173"]
[BlackElo "2116"]
[Result "0-1"]
[Round "03"]
[TimeControl "180+2"]
[Date "2023.04.11"]
[WhiteClock "0:00:03"]
[BlackClock "0:01:23"]

1. d4 d5 2. c4 c6 3. cxd5 cxd5 4. Nc3 Nf6 5. Nf3 Nc6 6. Bf4 a6 7. e3 Bg4 8. h3 Bh5 9. Qb3 Na5 10. Qa4+ Nc6 11. Ne5 Qb6 12. Nxc6 bxc6 13. b3 e6 14. Bd3 Bb4 15. Kd2 Bg6 16. f3 O-O 17. Bxg6 hxg6 18. Rhc1 c5 19. dxc5 Bxc5 20. Ne2 e5 21. Bg5 Nh7 0-1


[Site "https://www.chess.com"]

[Event "Titled Tuesday Blitz April 11 Late 2023"]
[White "Oliveira, Tiago Batista"]
[Black "Sliwicki, Damian"]
[WhiteFideId "2108291"]
[BlackFideId "1127128"]
[WhiteElo "1962"]
[BlackElo "2030"]
[Result "1-0"]
[Round "03"]
[TimeControl "180+2"]
[Date "2023.04.11"]
[WhiteClock "0:00:04"]
[BlackClock "0:00:05"]

1. d4 Nf6 2. c4 e5 3. dxe5 Ng4 4. e6 fxe6 5. e4 Bb4+ 6. Bd2 Nxf2 7. Kxf2 Qf6+ 8. Nf3 Qxb2 9. Qb3 Qxa1 10. Bxb4 Qf6 11. Bc3 Qf7 12. Bd3 O-O 13. Rf1 Nc6 14. Kg1 d6 15. e5 Bd7 16. Qc2 Qh5 17. Nbd2 dxe5 18. Ne4 Nd4 19. Nxd4 Rxf1+ 20. Bxf1 exd4 21. Bxd4 e5 22. Bc5 b6 23. Ba3 Bc6 24. c5 Qg6 25. Bd3 Rd8 26. Nd6 Qf6 27. Qc4+ Kh8 28. Nf7+ Kg8 29. Nxd8+ Kf8 30. Ne6+ Ke7 31. cxb6+ Kd7 32. bxc7 Qh4 33. Qxh4 Kxe6 34. Qe7+ Kd5 35. c8=Q Kd4 36. Qxc6 Ke3 37. Qxe5+ Kd2 38. Bf5 Kd1 39. Qcd6# 1-0


[Site "https://www.chess.com"]

[Event "Titled Tuesday Blitz April 11 Late 2023"]
[White "Gabriel, Robert"]
[Black "Alimpic, Aleksa"]
[WhiteFideId "4606477"]
[BlackFideId "974323"]
[WhiteElo "2203"]
[BlackElo "2273"]
[Result "0-1"]
[Round "03"]
[TimeControl "180+2"]
[Date "2023.04.11"]
[WhiteClock "0:00:01"]
[BlackClock "0:00:02"]

1. d4 Nf6 2. Nf3 e6 3. c4 d5 4. Nc3 a6 5. cxd5 exd5 6. Bg5 c6 7. Qc2 Bd6 8. Bxf6 Qxf6 9. Nxd5 Qd8 10. Nc3 O-O 11. e4 Re8 12. Bd3 h6 13. e5 Bb4 14. O-O c5 15. a3 Bxc3 16. bxc3 Bg4 17. Be4 Nc6 18. Bxc6 bxc6 19. Rad1 Bxf3 20. gxf3 Qg5+ 21. Kh1 Rad8 22. Qe4 Rd5 23. Rg1 Qh5 24. Qg4 Qxg4 25. fxg4 Red8 26. Rc1 cxd4 27. cxd4 Rxd4 28. Rxc6 Ra4 29. Rc3 Rd2 30. g5 hxg5 31. Rxg5 Rxf2 32. Rcg3 g6 33. e6 Rh4 34. exf7+ Kxf7 35. Rxg6 Rhxh2+ 36. Kg1 Ra2 37. Rxa6 Rhd2 38. Rf3+ Ke7 39. Re3+ Kd7 40. Re1 Rg2+ 41. Kh1 Rh2+ 42. Kg1 Rag2+ 43. Kf1 Ra2 44. Ra7+ Kc6 45. Ra6+ Kb5 46. Rg6 Rxa3 0-1


[Site "https://www.chess.com"]

[Event "Titled Tuesday Blitz April 11 Late 2023"]
[White "Marcziter, Dmitrii"]
[Black "Shahade, Michael"]
[WhiteFideId "13900765"]
[BlackFideId "2001870"]
[WhiteElo "2162"]
[BlackElo "2239"]
[Result "1-0"]
[Round "03"]
[TimeControl "180+2"]
[Date "2023.04.11"]
[WhiteClock "0:01:27"]
[BlackClock "0:00:26"]

1. d4 Nf6 2. c4 e6 3. Nf3 Bb4+ 4. Nbd2 d5 5. a3 Bxd2+ 6. Nxd2 a5 7. b3 c5 8. e3 cxd4 9. exd4 dxc4 10. Nxc4 Nc6 11. Bb2 O-O 12. Be2 b5 13. Ne5 Qb6 14. Nxc6 Qxc6 15. Bf3 Nd5 16. Rc1 Qd6 17. O-O Bb7 18. Rc5 b4 19. a4 Rfc8 20. Qc2 Rxc5 21. dxc5 Qc6 22. Rc1 Rc8 23. Qc4 Ba6 24. Qg4 g6 25. Qd4 f6 26. h4 Bb7 27. Qg4 f5 28. Qd4 1-0


[Site "https://www.chess.com"]

[Event "Titled Tuesday Blitz April 11 Late 2023"]
[White "Bach, Matthias"]
[Black "Joubert, Dantelle"]
[WhiteFideId "4603168"]
[BlackFideId "14310813"]
[WhiteElo "2130"]
[BlackElo "1507"]
[Result "1-0"]
[Round "03"]
[TimeControl "180+2"]
[Date "2023.04.11"]
[WhiteClock "0:00:36"]
[BlackClock "0:00:03"]

1. d4 Nf6 2. c4 e6 3. Nc3 Bb4 4. Bg5 c5 5. d5 exd5 6. cxd5 d6 7. e3 O-O 8. Bd3 h6 9. Bh4 Nbd7 10. Nf3 Qa5 11. O-O Bxc3 12. bxc3 Nxd5 13. Bh7+ Kxh7 14. Qxd5 Qc7 15. Be7 Re8 16. Bxd6 Qc6 17. Qxf7 Nf6 18. Qc7 Qxc7 19. Bxc7 Nd5 20. Bd6 b6 21. c4 Nc3 22. Rfe1 Bb7 23. Bg3 Bxf3 24. gxf3 Rad8 25. a4 Rd2 26. Kf1 Red8 27. a5 b5 28. cxb5 Nxb5 29. a6 c4 30. Ra5 R8d5 31. e4 Rh5 32. Rb1 c3 33. Bf4 Rb2 34. Rc1 c2 35. Ke2 Nd4+ 36. Kd3 Rxa5 37. Kxd4 Ra3 38. Be3 1-0


[Site "https://www.chess.com"]

[Event "Titled Tuesday Blitz April 11 Late 2023"]
[White "Sanchez, Robert"]
[Black "Fernandez Siles, Luis"]
[WhiteFideId "2034360"]
[BlackFideId "2209420"]
[WhiteElo "1966"]
[BlackElo "2195"]
[Result "0-1"]
[Round "03"]
[TimeControl "180+2"]
[Date "2023.04.11"]
[WhiteClock "0:01:27"]
[BlackClock "0:01:34"]

1. e4 c5 2. Nf3 Nc6 3. Bb5 g6 4. c3 Nf6 5. e5 Nd5 6. d4 cxd4 7. cxd4 Bg7 8. Nc3 Nc7 9. Bc4 d5 10. Be2 O-O 11. h3 Bf5 12. O-O Be4 13. Be3 f5 14. Qd2 Ne6 15. Nxe4 dxe4 16. Bc4 exf3 17. Bxe6+ Kh8 18. gxf3 Qe8 19. f4 Rd8 20. Qc3 g5 21. Rad1 Qg6 22. d5 gxf4+ 23. Kh1 fxe3 24. fxe3 Nxe5 0-1


[Site "https://www.chess.com"]

[Event "Titled Tuesday Blitz April 11 Late 2023"]
[White "Steenbekkers, Franck"]
[Black "Filipets, Egor"]
[WhiteFideId "1004220"]
[BlackFideId "13503928"]
[WhiteElo "2164"]
[BlackElo "2233"]
[Result "1-0"]
[Round "03"]
[TimeControl "180+2"]
[Date "2023.04.11"]
[WhiteClock "0:00:53"]
[BlackClock "0:01:44"]

1. e4 e6 2. d4 d5 3. Nd2 Nc6 4. Ngf3 Nf6 5. e5 Nd7 6. Bd3 Nb4 7. Be2 c5 8. c3 Nc6 9. Bd3 Be7 10. O-O O-O 11. Re1 Rb8 12. dxc5 Nxc5 13. Bc2 b5 14. Nb3 Ne4 15. Nbd4 Bd7 16. Nxc6 Bxc6 17. Nd4 Ba8 18. Qg4 Re8 19. Bh6 g6 20. Rad1 b4 21. Nxe6 fxe6 22. Qxe6+ Kh8 23. Bxe4 Bf8 24. Qh3 Rxe5 25. Bxg6 Rxe1+ 26. Rxe1 Qf6 27. Bxf8 Qxg6 28. Bd6 Rf8 29. Bxf8 1-0


[Site "https://www.chess.com"]

[Event "Titled Tuesday Blitz April 11 Late 2023"]
[White "Nakamura, Hikaru"]
[Black "Hansen, Eric"]
[WhiteFideId "2016192"]
[BlackFideId "2606771"]
[WhiteElo "2885"]
[BlackElo "2561"]
[Result "1/2-1/2"]
[Round "04"]
[TimeControl "180+2"]
[Date "2023.04.11"]
[WhiteClock "0:00:03"]
[BlackClock "0:00:14"]

1. c4 e5 2. Nc3 Bb4 3. g3 Bxc3 4. bxc3 Nc6 5. Bg2 d6 6. d3 Nge7 7. Nf3 O-O 8. O-O f5 9. a4 a5 10. Ne1 b6 11. f4 exf4 12. Bxf4 Qd7 13. Nc2 Bb7 14. Nd4 Nd8 15. Bh3 Ne6 16. Bd2 Nxd4 17. cxd4 d5 18. Bg2 Rae8 19. e3 Ba8 20. Qb3 Kh8 21. c5 bxc5 22. Bxa5 Nc6 23. Bd2 cxd4 24. Rae1 dxe3 25. Bxe3 d4 26. Bf4 h6 27. Qb5 Rb8 28. Qc5 Rf6 29. a5 Rb2 30. Rf2 Rb3 31. Rfe2 Rc3 32. Qd5 Qxd5 33. Bxd5 Bb7 34. Bc4 Rxc4 35. dxc4 Nxa5 36. Be5 Rg6 37. Bxd4 Be4 38. Rc1 Nb3 39. Rd1 Rd6 40. Red2 Nxd2 41. Rxd2 Kh7 42. c5 Rd5 43. Kf2 Kg6 44. Be3 Rxd2+ 45. Bxd2 c6 46. h4 Kh5 47. Bc3 g5 48. hxg5 hxg5 49. Bf6 Kg4 50. Bd8 Bd5 51. Be7 f4 52. gxf4 Kxf4 53. Bd6+ Ke4 54. Kg3 Be6 55. Bf8 g4 56. Bd6 Kd5 57. Bf8 Kd4 58. Bd6 Bd7 59. Bf8 Ke4 60. Bd6 Ke3 61. Bf8 Be6 62. Bd6 Ke4 63. Bf8 Kf5 64. Bd6 Kg5 65. Bf8 Kg6 66. Bd6 Kf7 67. Kf4 Kf6 68. Kg3 Bd7 69. Kf2 Kf5 70. Kg3 Ke4 71. Kh2 Kf3 72. Bg3 Be6 73. Bd6 Bd5 74. Bg3 Bc4 75. Bd6 Bb5 76. Bg3 Ba6 77. Bc7 Ke4 78. Bb8 Be2 79. Bd6 Bf3 80. Kg3 Kd5 81. Bf8 Ke6 82. Bd6 Kf7 83. Bc7 Kg6 84. Bb6 Kf5 85. Ba7 Ke6 86. Kf4 Kd5 87. Bb6 Kd4 88. Kg3 Kd3 89. Bd8 Ke4 90. Be7 Kd5 91. Bf8 Ke6 92. Kf4 Kf7 93. Bd6 Kg6 94. Ke3 Kh5 95. Bg3 Kg5 96. Kd4 Kf5 97. Bc7 Bd5 98. Bg3 Ke6 99. Kd3 Kf5 100. Ke3 Bf3 101. Kf2 Ke6 102. Bb8 Kd7 103. Ba7 Kc8 104. Kg3 Kb7 105. Bb6 Ka6 1/2-1/2


[Site "https://www.chess.com"]

[Event "Titled Tuesday Blitz April 11 Late 2023"]
[White "Gharibyan, Mamikon"]
[Black "Vachier-Lagrave, Maxime"]
[WhiteFideId "13308300"]
[BlackFideId "623539"]
[WhiteElo "2445"]
[BlackElo "2740"]
[Result "0-1"]
[Round "04"]
[TimeControl "180+2"]
[Date "2023.04.11"]
[WhiteClock "0:00:05"]
[BlackClock "0:00:45"]

1. d4 Nf6 2. c4 e6 3. Nf3 d5 4. g3 Be7 5. Bg2 O-O 6. O-O c6 7. Qc2 a5 8. Nbd2 b5 9. c5 Nbd7 10. e4 dxe4 11. Nxe4 Nd5 12. Neg5 g6 13. h4 Bf6 14. h5 Bg7 15. Re1 Ra7 16. Nxh7 Kxh7 17. hxg6+ Kg8 18. Ng5 N7f6 19. gxf7+ Raxf7 20. Nxf7 Rxf7 21. Bg5 Qf8 22. Bh4 Bh6 23. Bf3 Qg7 24. Re5 Ng4 25. Bxg4 Qxg4 26. Rae1 Bd7 27. R1e4 Qf3 28. Re2 Bg7 29. Rg5 e5 30. dxe5 Bf5 31. Qd2 Bh3 32. Rxg7+ Rxg7 0-1


[Site "https://www.chess.com"]

[Event "Titled Tuesday Blitz April 11 Late 2023"]
[White "Bluebaum, Matthias"]
[Black "Bakalchuk, Johnatan"]
[WhiteFideId "24651516"]
[BlackFideId "2810301"]
[WhiteElo "2638"]
[BlackElo "2450"]
[Result "0-1"]
[Round "04"]
[TimeControl "180+2"]
[Date "2023.04.11"]
[WhiteClock "0:00:07"]
[BlackClock "0:00:03"]

1. d4 Nf6 2. c4 g6 3. Nc3 Bg7 4. e4 O-O 5. Nf3 d6 6. Be2 Na6 7. O-O e5 8. Be3 c6 9. d5 Ng4 10. Bg5 f6 11. Bh4 c5 12. Ne1 Nh6 13. a3 Nf7 14. Nd3 Bh6 15. b4 b6 16. Rb1 Bg5 17. Bxg5 Nxg5 18. f4 exf4 19. Nxf4 Qe7 20. Qd3 Bd7 21. h4 Nf7 22. Ne6 Ne5 23. Qg3 Bxe6 24. dxe6 Qxe6 25. Nd5 Rac8 26. h5 Nc7 27. Nf4 Qf7 28. Rbd1 Rcd8 29. hxg6 hxg6 30. Rf2 Ne6 31. Nd5 Nd4 32. Bd3 Qg7 33. Rdf1 f5 34. exf5 gxf5 35. Ne7+ Kh7 36. Rxf5 Rxf5 37. Bxf5+ Nxf5 38. Qh3+ Nh6 39. Nf5 Qg6 40. Ne7 Qg4 41. Qe3 Re8 42. Nd5 Ng8 43. Nf6+ Nxf6 44. Rxf6 Qd1+ 45. Rf1 Qd4 46. Qxd4 cxd4 47. Rd1 d3 48. Kf2 Rc8 49. c5 bxc5 50. b5 c4 51. Ke3 c3 52. Ke4 c2 53. Rh1+ Kg6 54. Kd5 d2 55. Ke6 d1=Q 56. Rh3 Qg4+ 57. Ke7 Rc7+ 58. Kd8 Qd7# 0-1


[Site "https://www.chess.com"]